 Dungeon Crawl Stone Soup version 0.30-a0-52-g86a8295270 (webtiles) character file.

Game seed: 14398421410742881819

16 jlumianski the Ducker (level 2, -2/22 HPs)
             Began as a Demonspawn Gladiator on Sept 6, 2022.
             Killed from afar by Natasha (6 damage)
             ... with a magic dart
             ... on level 3 of the Dungeon.
             The game lasted 00:01:55 (232 turns).

jlumianski the Ducker (Demonspawn Gladiator)         Turns: 232, Time: 00:01:55

Health: -2/22      AC:  6    Str: 14    XL:     2   Next: 41%
Magic:  2/2        EV: 11    Int:  9    God:
Gold:   16         SH:  0    Dex: 14    Spells: 1/1 levels left

rFire   . . .      SeeInvis .    a - +0 war axe
rCold   . . .      Faith    .    (no shield)
rNeg    . . .      Spirit   .    f - +0 ring mail
rPois   .          Reflect  .    c - +0 helmet
rElec   .          Harm     .    (no cloak)
rCorr   .          Rampage  .    (no gloves)
Will    .....                    (no boots)
Stlth   +.........               (no amulet)
HPRegen 0.07/turn                (no ring)
MPRegen 0.08/turn                (no ring)

@: no status effects
A: weakness stinger 1
a: no special abilities


You were on level 3 of the Dungeon.
You visited 1 branch of the dungeon, and saw 3 of its levels.

You collected 16 gold pieces.

Inventory:

Hand Weapons
 a - a +0 war axe (weapon)
Missiles
 d - 3 throwing nets (quivered)
 e - a javelin
Armour
 b - a +0 leather armour
 c - a +0 helmet (worn)
 f - a +0 ring mail (worn)
Scrolls
 h - a scroll of torment {unknown}


   Skills:
 + Level 2.1 Fighting
 + Level 3.0 Axes
 + Level 1.8 Throwing
 + Level 3.0 Dodging


You had one spell level left.
You didn't know any spells.
Your spell library was empty.

Dungeon Overview and Level Annotations

Branches:
Dungeon (3/15)

Altars:
Gozag

Annotations:
D:3 3 runed translucent doors, Natasha


Innate Abilities, Weirdness & Mutations

You have a small tail.


Message History

You kill the crimson imp!
The crimson imp disappears in a puff of smoke!
You hit Natasha.
Natasha stares at you and mumbles some strange words.
The magic dart hits you.
You slash the crimson imp!
The crimson imp is almost dead.
You closely miss Natasha.
Natasha wildly gestures.
You feel disoriented. Natasha misses you. The crimson imp closely misses you.
You barely miss the crimson imp.
Your tail-slap misses the crimson imp.
The crimson imp is severely wounded.
You barely miss Natasha. Natasha claws you but does no damage.
The crimson imp hits you but does no damage.
The crimson imp barely misses you. Natasha casts a spell at you.
You resist with significant effort.
You hit the crimson imp.
You kill the crimson imp!
The crimson imp disappears in a puff of smoke!
You barely miss Natasha.
Natasha mumbles some strange words.
Natasha shimmers violently.
Natasha claws you but does no damage. Natasha casts a spell at you.
The magic dart hits you but does no damage.
Natasha stares at you and mumbles some strange words.
You resist with significant effort.
You barely miss Natasha.
Natasha is lightly wounded.
Natasha claws you.
* * * LOW HITPOINT WARNING * * *
Natasha barely misses you.
You hit Natasha but do no damage.
You tail-slap Natasha, but do no damage.
Natasha is lightly wounded.
Natasha casts a spell at you. The magic dart hits you.
You die...

##.## *,*,,,**,******,***,,,,
#..# #.*#***,,* *,,**,,,, ##.#
*...#.**** **,,,,*** ###.#####
*#....**## ***,**** ..#.....##
#.#..,,.# *,,,,***
.........###...#**.#####.**,,,***
..........#*#..# *...!...****,,,,
..........# #..###.....#** *****
..........###...@h.#**,,,**
..........##...##### ***,,*
..........#..#.###### **,***
....................#* *,,,*
............##<.###..#*****,*****
..#.......#.###.#**,,,,,,,,>,,,,,
##..####....#**...,,,,,****,*****
#..**...##..**....,,,,* *,,*
#..*#.#####..,.##+++*** **,***


You could see Natasha.

Vanquished Creatures
  A worm (D:3)
  2 endoplasms
  2 goblins
  4 jackals (D:1)
  A bat (D:3)
  A frilled lizard (D:2)
  A rat (D:1)
12 creatures vanquished.

Notes
Turn   | Place    | Note
-------+----------+-------------------------------------------
     0 | D:1      | jlumianski the Demonspawn Gladiator began the quest for the
                  | Orb.
     0 | D:1      | Reached XP level 1. HP: 16/16 MP: 1/1
    83 | D:1      | Discovered your monstrous ancestry.
    83 | D:1      | Gained mutation: You have a small tail. [demonic ancestry]
    83 | D:1      | Reached XP level 2. HP: 21/22 MP: 2/2
   212 | D:3      | Found a runed translucent gate.
   212 | D:3      | Found a runed translucent gate.
   213 | D:3      | Found a runed translucent gate.
   213 | D:3      | Found an opulent altar of Gozag.
   218 | D:3      | Noticed Natasha
   220 | D:3      | Noticed a crimson imp
   224 | D:3      | Noticed a crimson imp
   232 | D:3      | Killed from afar by Natasha

Illustrated notes

Levels and vault maps discovered:
D:1:      nzn_arrival_water_spiral, layout_loops_ring, serial_shops,
          nicolae_shop_advertising_works [nicolae_subvault_shop_adworks],
          minmay_tromino_mix6
D:2:      layout_loops_cross, hellmonk_ecumenical_altar_watching_god,
          basic_altar, chequers_arboretum
D:3:      layout_rooms, ebering_ghost_gozag, cheibrodos_sewer_entry_bend,
          minmay_ogre_servants, uniq_natasha

Skill      XL: |  1  2 |
---------------+-------+-----
Dodging        | 3 |  3.0
Axes           | 3 |  3.0
Fighting       | |  2.1
Throwing       | |  1.8

Action                   || total
-------------------------++-------
Melee: War axe           ||    31
       Tailslap          ||     2
  Use: Scroll            ||     2
Armor: Leather armour    ||     6
       Ring mail         ||     8
Dodge: Dodged            ||    17

Table legend: (Time is in decaauts)
 A = Elapsed time spent in this place.
 B = Non-inter-level travel time spent in this place.
 C = Inter-level travel time spent in this place.
 D = Time resting spent in this place.
 E = Time spent auto-exploring this place.
 F = Levels seen in this place.
 G = Mean time per level.
                   A        B        C        D        E       F      G
               +--------+--------+--------+--------+--------+-----+--------+
         Total |    242 |    242 |      0 |      0 |     37 |   3 |   80.7 |
       Dungeon |    242 |    242 |      0 |      0 |     37 |   3 |   80.7 |
               +--------+--------+--------+--------+--------+-----+--------+

Top non-repeatable levels by time:
     D:3: 128 daAuts
     D:1: 105 daAuts
     D:2: 8 daAuts
